[Event "GER-chT Youth Countries 2019"]
[Site "Wuerzburg"]
[Date "2019.10.02"]
[Round "1"]
[White "Buchholz, Maja"]
[Black "Woerz, Ann-Sophie"]
[Result "0-1"]
[ECO "A20"]
[WhiteElo "1671"]
[BlackElo "1500"]
[Annotator "NA"]
[PlyCount "48"]
[EventDate "2019.10.02"]
[EventType "team-tourn"]
[EventRounds "7"]
[EventCountry "GER"]
[SourceTitle "playchess.com"]
[Source "ChessBase"]
[SourceQuality "1"]
[WhiteTeam "Germany"]
[BlackTeam "Germany"]
[WhiteTeamCountry "GER"]
[BlackTeamCountry "GER"]
[TimeControl "40/5400+30:1800+30"]

1. c4 e5 2. g3 c6 3. Bg2 d5 4. cxd5 cxd5 5. d3 Nf6 6. Nf3 Nc6 7. a3 Be6 8. b4 a6 9. O-O h6 10. Bb2 Bd6 11. Nbd2 O-O 12. Rc1 Qd7 13. Re1 Rfe8 14. Nb3 b6 15. Rc2 Rac8 16. Nbd2 Bb8 17. Qa1 Bh3 18. Bh1 Ng4 19. Nh4 Ba7 20. Ng2 Qf5 21. f3 b5+ 22. e3 Qxd3 23. Rc3 Qxd2 24. Bc1 Qf2# {[%emt 0:00:07] normal} 0-1

[Event "GER-chT Youth Countries 2019"]
[Site "Wuerzburg"]
[Date "2019.10.02"]
[Round "1"]
[White "Ermitsch, Magnus"]
[Black "Muller, Magnus"]
[Result "1-0"]
[ECO "C65"]
[WhiteElo "1671"]
[BlackElo "1478"]
[Annotator "NA"]
[PlyCount "59"]
[EventDate "2019.10.02"]
[EventType "swiss"]
[EventRounds "7"]
[EventCountry "GER"]
[SourceTitle "playchess.com"]
[Source "ChessBase"]
[SourceQuality "1"]
[WhiteTeam "Berlin"]
[BlackTeam "Thüringen"]
[WhiteTeamCountry "GER"]
[BlackTeamCountry "FAI"]
[TimeControl "40/5400+30:1800+30"]

1. e4 e5 2. Nf3 Nc6 3. Bb5 Nf6 4. d3 d6 5. c3 Be7 6. O-O O-O 7. Re1 Bd7 8. Ba4 Re8 9. Nbd2 Rb8 10. Nf1 b5 11. Bc2 h6 12. Ng3 Bf8 13. Nh4 g6 14. d4 Nh7 15. Nf3 Bg7 16. d5 Ne7 17. h4 c6 18. dxc6 Bxc6 19. Nh2 d5 20. Ng4 h5 21. Nh6+ Kf8 22. Qf3 Nf6 23. Bg5 Neg8 24. Nxg8 Kxg8 25. Rad1 Re6 26. exd5 Bxd5 27. Bxf6 Rxf6 28. Qxd5 Qb6 29. Ne4 Rf4 30. Qd6 {normal} 1-0

[Event "GER-chT Youth Countries 2019"]
[Site "Wuerzburg"]
[Date "2019.10.02"]
[Round "1"]
[White "Bungarten, Jona"]
[Black "Ensslinger, Colin"]
[Result "1-0"]
[ECO "B21"]
[WhiteElo "1669"]
[BlackElo "1687"]
[Annotator "NA"]
[PlyCount "87"]
[EventDate "2019.10.02"]
[EventType "swiss"]
[EventRounds "7"]
[EventCountry "GER"]
[SourceTitle "playchess.com"]
[Source "ChessBase"]
[SourceQuality "1"]
[WhiteTeam "Nordrhein-Westfalen"]
[BlackTeam "Team Süd"]
[WhiteTeamCountry "GER"]
[BlackTeamCountry "GER"]
[TimeControl "40/5400+30:1800+30"]

1. e4 c5 2. d4 cxd4 3. c3 dxc3 4. Nxc3 Nc6 5. Nf3 e6 6. Bc4 Nge7 7. Bg5 h6 8. Be3 a6 9. Bb3 Ng6 10. O-O Be7 11. Na4 d6 12. Bb6 Qd7 13. Qe2 Nf4 14. Qc4 O-O 15. e5 dxe5 16. Rfd1 Nd5 17. Qe2 Bd6 18. a3 Re8 19. Rd2 Nce7 20. Bc5 b5 21. Nb6 Nxb6 22. Rxd6 Qc7 23. Qxe5 Nd7 24. Rxd7 Qxd7 25. Rd1 Nd5 26. Bd4 f6 27. Qg3 Qc7 28. Qg4 Qf4 29. Qg6 Bb7 30. Bc2 Rac8 31. Qh7+ Kf8 32. Bg6 Ne7 33. Bxe8 Bxf3 34. gxf3 Qxf3 35. Bh5 Qxh5 36. Qd3 Qg4+ 37. Kh1 Nd5 38. Rg1 Qf4 39. b4 g5 40. h3 f5 41. Bc5+ Kf7 42. Re1 Qc4 43. Qf3 Qc3 44. Qh5+ {[%emt 0:00:00] normal} 1-0

[Event "GER-chT Youth Countries 2019"]
[Site "Wuerzburg"]
[Date "2019.10.02"]
[Round "1"]
[White "Schwartz, Oliver"]
[Black "Yaghi, Rita"]
[Result "0-1"]
[ECO "B90"]
[WhiteElo "1650"]
[BlackElo "1973"]
[Annotator "NA"]
[PlyCount "56"]
[EventDate "2019.10.02"]
[EventType "team-tourn"]
[EventRounds "7"]
[EventCountry "GER"]
[SourceTitle "playchess.com"]
[Source "ChessBase"]
[SourceQuality "1"]
[WhiteTeam "Germany"]
[BlackTeam "Germany"]
[WhiteTeamCountry "GER"]
[BlackTeamCountry "GER"]
[TimeControl "40/5400+30:1800+30"]

1. e4 c5 2. Nf3 d6 3. d4 cxd4 4. Nxd4 Nf6 5. Nc3 a6 6. f3 e5 7. Nb3 Be6 8. Be3 Be7 9. Qd2 Nbd7 10. O-O-O O-O 11. g4 b5 12. Kb1 b4 13. Ne2 a5 14. Nbc1 a4 15. Ng3 Ne8 16. Nf5 Rb8 17. h4 Nc5 18. h5 Qc7 19. Bh3 b3 20. cxb3 axb3 21. a3 Na4 22. Ne2 Qc2+ 23. Ka1 Bxf5 24. gxf5 Nxb2 25. Qxc2 bxc2 26. Rc1 Nc4 27. Ba7 Ra8 28. Rxc2 Nxa3 {normal} 0-1

[Event "GER-chT Youth Countries 2019"]
[Site "Wuerzburg"]
[Date "2019.10.02"]
[Round "1"]
[White "Jacoby, Angelina"]
[Black "Lutz, Ruben"]
[Result "0-1"]
[ECO "D02"]
[WhiteElo "1635"]
[BlackElo "2112"]
[Annotator "NA"]
[PlyCount "80"]
[EventDate "2019.10.02"]
[EventType "swiss"]
[EventRounds "7"]
[EventCountry "GER"]
[SourceTitle "playchess.com"]
[Source "ChessBase"]
[SourceQuality "1"]
[WhiteTeam "Brandenburg/Berlin"]
[BlackTeam "Sachsen"]
[WhiteTeamCountry "GER"]
[BlackTeamCountry "GER"]
[TimeControl "40/5400+30:1800+30"]

1. d4 d5 2. Bf4 Nf6 3. Nf3 c5 4. c3 Nc6 5. e3 Qb6 6. Qb3 c4 7. Qxb6 axb6 8. Na3 Bf5 9. Be2 e6 10. Nb5 Kd7 11. Bc7 Ra6 12. O-O Ne8 13. Bf4 Ra5 14. a4 Nd6 15. Bxd6 Bxd6 16. Nxd6 Kxd6 17. Nd2 Kc7 18. b3 cxb3 19. Nxb3 Ra7 20. Bb5 Bc2 21. Ra3 Na5 22. Nd2 Nc4 23. Nxc4 dxc4 24. Bxc4 Rxa4 25. Rxa4 Bxa4 26. Ra1 Bc6 27. Bd3 b5 28. h3 Kb6 29. Rb1 Ra8 30. c4 Ra3 31. Bf1 Ra5 32. cxb5 Bxb5 33. Bd3 g6 34. Kf1 Kc6 35. Bxb5+ Rxb5 36. Rxb5 Kxb5 37. Ke2 Kc4 38. Kd2 f5 39. g3 b5 40. Kc2 b4 {[%emt 0:01:06] normal} 0-1

[Event "GER-chT Youth Countries 2019"]
[Site "Wuerzburg"]
[Date "2019.10.02"]
[Round "1"]
[White "Pavlov, Liliane"]
[Black "Browning, Rebecca"]
[Result "1/2-1/2"]
[ECO "D11"]
[WhiteElo "1632"]
[BlackElo "1932"]
[Annotator "NA"]
[PlyCount "87"]
[EventDate "2019.10.02"]
[EventType "swiss"]
[EventRounds "7"]
[EventCountry "GER"]
[SourceTitle "playchess.com"]
[Source "ChessBase"]
[SourceQuality "1"]
[WhiteTeam "Team Süd"]
[BlackTeam "Nordrhein-Westfalen"]
[WhiteTeamCountry "GER"]
[BlackTeamCountry "GER"]
[TimeControl "40/5400+30:1800+30"]

1. d4 d5 2. c4 c6 3. Nf3 Nf6 4. g3 dxc4 5. Bg2 Bf5 6. O-O Nbd7 7. Na3 e6 8. Nxc4 h6 9. Bf4 Nb6 10. Na5 Qc8 11. Ne5 Nbd5 12. Qb3 Bb4 13. Nac4 O-O 14. Bd2 Bxd2 15. Nxd2 Bh7 16. Rac1 Rb8 17. Rfd1 Rd8 18. Qa3 Qc7 19. f3 Qe7 20. Qxe7 Nxe7 21. Nb3 Nf5 22. Kf2 Nd7 23. Nc4 Nb6 24. e4 Nxc4 25. Rxc4 Nd6 26. Rcc1 Nb5 27. a4 Nc7 28. Nc5 Kf8 29. b4 Ke7 30. Bf1 a6 31. Be2 f5 32. Ke3 g5 33. g4 fxg4 34. fxg4 Rf8 35. Rf1 Rxf1 36. Rxf1 b5 37. a5 Rf8 38. Rxf8 Kxf8 39. Nd7+ Ke7 40. Ne5 Kd6 41. Nf7+ Ke7 42. Ne5 Kd6 43. Nf7+ Ke7 44. Ne5 {[%emt 0:00:00] normal} 1/2-1/2

[Event "GER-chT Youth Countries 2019"]
[Site "Wuerzburg"]
[Date "2019.10.02"]
[Round "1"]
[White "Braeutigam, Katerina"]
[Black "Ruhmke, Rebecca"]
[Result "1-0"]
[ECO "A20"]
[WhiteElo "1630"]
[BlackElo "1404"]
[Annotator "NA"]
[PlyCount "49"]
[EventDate "2019.10.02"]
[EventType "team-tourn"]
[EventRounds "7"]
[EventCountry "GER"]
[SourceTitle "playchess.com"]
[Source "ChessBase"]
[SourceQuality "1"]
[WhiteTeam "Germany"]
[BlackTeam "Germany"]
[WhiteTeamCountry "GER"]
[BlackTeamCountry "GER"]
[TimeControl "40/5400+30:1800+30"]

1. c4 e5 2. g3 Nc6 3. Bg2 Nge7 4. Nc3 d6 5. e3 Be6 6. b3 Qd7 7. d4 Bf5 8. d5 Nb4 9. e4 Bg6 10. Nge2 f5 11. a3 Na6 12. Bh3 O-O-O 13. Qc2 h6 14. Nd1 Nc5 15. f3 Bh7 16. b4 Na6 17. c5 Kb8 18. Ne3 g6 19. c6 Qc8 20. Nc4 Bg7 21. Na5 bxc6 22. dxc6 Qe6 23. Qd3 Nxb4 24. Qb5+ Ka8 25. Qb7# {[%emt 0:00:07] unterminated} 1-0

[Event "GER-chT Youth Countries 2019"]
[Site "Wuerzburg"]
[Date "2019.10.02"]
[Round "1"]
[White "Fuhrmann, Bahne"]
[Black "Farokhi, Keyvan"]
[Result "0-1"]
[ECO "B18"]
[WhiteElo "1623"]
[BlackElo "2018"]
[Annotator "NA"]
[PlyCount "52"]
[EventDate "2019.10.02"]
[EventType "team-tourn"]
[EventRounds "7"]
[EventCountry "GER"]
[SourceTitle "playchess.com"]
[Source "ChessBase"]
[SourceQuality "1"]
[WhiteTeam "Germany"]
[BlackTeam "Germany"]
[WhiteTeamCountry "GER"]
[BlackTeamCountry "GER"]
[TimeControl "40/5400+30:1800+30"]

1. e4 c6 2. d4 d5 3. Nd2 dxe4 4. Nxe4 Bf5 5. Ng3 Bg6 6. Nh3 e6 7. Nf4 Bd6 8. Bc4 Qc7 9. Nxg6 hxg6 10. Qf3 Nf6 11. h3 Nbd7 12. Bg5 Qa5+ 13. Bd2 Qb6 14. Qb3 Bxg3 15. fxg3 Qxd4 16. Qxb7 Rb8 17. Qxc6 Ne4 18. Bg5 Qf2+ 19. Kd1 Qxg2 20. Bb5 Qxh1+ 21. Ke2 Nxg3+ 22. Kf2 Qxc6 23. Bxc6 Rb6 24. Bxd7+ Kxd7 25. Kxg3 Rxb2 26. c4 Rc2 {[%emt 0:01:16] unterminated} 0-1

[Event "GER-chT Youth Countries 2019"]
[Site "Wuerzburg"]
[Date "2019.10.02"]
[Round "1"]
[White "Sauer, Tim"]
[Black "Fröhlich, Niklas"]
[Result "1-0"]
[ECO "A21"]
[WhiteElo "1597"]
[BlackElo "1228"]
[Annotator "NA"]
[PlyCount "58"]
[EventDate "2019.10.02"]
[EventType "team-tourn"]
[EventRounds "7"]
[EventCountry "GER"]
[SourceTitle "playchess.com"]
[Source "ChessBase"]
[SourceQuality "1"]
[WhiteTeam "Germany"]
[BlackTeam "Germany"]
[WhiteTeamCountry "GER"]
[BlackTeamCountry "GER"]
[TimeControl "40/5400+30:1800+30"]

1. c4 e5 2. Nc3 d6 3. g3 c6 4. Bg2 Be6 5. d3 Qc8 6. Rb1 Be7 7. b4 Nf6 8. e4 Nbd7 9. Nge2 Nb6 10. f4 Bh3 11. O-O Qg4 12. f5 Qh5 13. Bxh3 Qxh3 14. Rf2 Ng4 15. Rg2 h5 16. Kh1 Nf6 17. Ng1 Qg4 18. Qf1 d5 19. h3 h4 20. hxg4 hxg3+ 21. Nh3 Rxh3+ 22. Kg1 O-O-O 23. Qf3 dxe4 24. dxe4 Na4 25. Rd2 Rdh8 26. Nxa4 Nxg4 27. Qxg4 Rh1+ 28. Kg2 R8h2+ 29. Kf3 Rxd2 {[%emt 0:03:48] unterminated} 1-0

[Event "GER-chT Youth Countries 2019"]
[Site "Wuerzburg"]
[Date "2019.10.02"]
[Round "1"]
[White "Rempe, Mieke"]
[Black "Mundt, Alexandra"]
[Result "0-1"]
[ECO "C42"]
[WhiteElo "1530"]
[BlackElo "1760"]
[Annotator "NA"]
[PlyCount "62"]
[EventDate "2019.10.02"]
[EventType "swiss"]
[EventRounds "7"]
[EventCountry "GER"]
[SourceTitle "playchess.com"]
[Source "ChessBase"]
[SourceQuality "1"]
[WhiteTeam "Hamburg/Schleswig-Holstein"]
[BlackTeam "Schleswig-Holstein"]
[WhiteTeamCountry "GER"]
[BlackTeamCountry "GER"]
[TimeControl "40/5400+30:1800+30"]

1. e4 e5 2. Nf3 Nf6 3. Nc3 Bb4 4. d3 d6 5. Be2 h6 6. O-O Nc6 7. a3 Ba5 8. b4 Bb6 9. Na4 O-O 10. Nxb6 axb6 11. b5 Ne7 12. Ne1 d5 13. Bb2 Ng6 14. exd5 Nxd5 15. Bh5 Ndf4 16. Bxg6 Nxg6 17. Qh5 Re8 18. g3 Qg5 19. Qxg5 hxg5 20. Nf3 f6 21. Rfe1 Bg4 22. Nd2 Kf7 23. Re4 Be6 24. Re3 Ne7 25. c4 Nf5 26. Re2 Rad8 27. g4 Nh4 28. Re3 Bxg4 29. Ne4 Nf5 30. Ree1 Rxd3 31. Rac1 Nd4 {normal} 0-1

[Event "GER-chT Youth Countries 2019"]
[Site "Wuerzburg"]
[Date "2019.10.02"]
[Round "1"]
[White "Prinzen, Siri Marleen"]
[Black "Reich, Elisabeth"]
[Result "1-0"]
[ECO "B21"]
[WhiteElo "1520"]
[BlackElo "1199"]
[Annotator "NA"]
[PlyCount "69"]
[EventDate "2019.10.02"]
[EventType "team-tourn"]
[EventRounds "7"]
[EventCountry "GER"]
[SourceTitle "playchess.com"]
[Source "ChessBase"]
[SourceQuality "1"]
[WhiteTeam "Germany"]
[BlackTeam "Germany"]
[WhiteTeamCountry "GER"]
[BlackTeamCountry "GER"]
[TimeControl "40/5400+30:1800+30"]

1. e4 c5 2. d4 cxd4 3. c3 dxc3 4. Nxc3 d6 5. Nf3 Nf6 6. Bc4 g6 7. e5 dxe5 8. Bxf7+ Kxf7 9. Qxd8 Nc6 10. Ng5+ Kg8 11. Qd1 Bf5 12. Qb3+ Kg7 13. Qf7+ Kh6 14. Nxh7+ Kh5 15. Nxf6+ exf6 16. Qxf6 Bh6 17. Bxh6 Kxh6 18. h4 Rhf8 19. Qg5+ Kg7 20. h5 Rh8 21. h6+ Kh7 22. Nd5 Kg8 23. Ne7+ Nxe7 24. Qxe7 Rh7 25. Qg5 e4 26. g4 Bd7 27. Qxg6+ Kh8 28. Qf6+ Kg8 29. g5 Rf7 30. Qg6+ Kf8 31. h7 Bf5 32. h8=Q+ Ke7 33. Qe5+ Kd7 34. Qgd6+ Kc8 35. Qe8# {unterminated} 1-0

[Event "GER-chT Youth Countries 2019"]
[Site "Wuerzburg"]
[Date "2019.10.02"]
[Round "1"]
[White "Voigt, Anastasia"]
[Black "Sens, Gerda"]
[Result "1-0"]
[ECO "C54"]
[WhiteElo "1457"]
[BlackElo "1291"]
[Annotator "NA"]
[PlyCount "55"]
[EventDate "2019.10.02"]
[EventType "team-tourn"]
[EventRounds "7"]
[EventCountry "GER"]
[SourceTitle "playchess.com"]
[Source "ChessBase"]
[SourceQuality "1"]
[WhiteTeam "Germany"]
[BlackTeam "Germany"]
[WhiteTeamCountry "GER"]
[BlackTeamCountry "GER"]
[TimeControl "40/5400+30:1800+30"]

1. e4 e5 2. Nf3 Nc6 3. Bc4 Bc5 4. c3 Nf6 5. d3 O-O 6. O-O a6 7. Bb3 d6 8. h3 Bd7 9. Nbd2 Qe7 10. Re1 h6 11. Nf1 Be6 12. Bc2 d5 13. exd5 Bxd5 14. Nxe5 Nxe5 15. d4 Bd6 16. dxe5 Bxe5 17. Bf4 Rad8 18. Rxe5 Be6 19. Qe1 Nd7 20. Re2 Qf6 21. Bxc7 Rde8 22. Bd6 Qg5 23. Ng3 Rd8 24. Bxf8 Nxf8 25. Rd1 Rc8 26. b3 Qf6 27. c4 Rc5 28. Ne4 {[%emt 0:00:28] unterminated} 1-0

[Event "GER-chT Youth Countries 2019"]
[Site "Wuerzburg"]
[Date "2019.10.02"]
[Round "1"]
[White "Sinnhoefer, Lilian"]
[Black "Brunner, Sophia"]
[Result "0-1"]
[ECO "C06"]
[WhiteElo "1428"]
[BlackElo "1935"]
[Annotator "NA"]
[PlyCount "83"]
[EventDate "2019.10.02"]
[EventType "swiss"]
[EventRounds "7"]
[EventCountry "GER"]
[SourceTitle "playchess.com"]
[Source "ChessBase"]
[SourceQuality "1"]
[WhiteTeam "Bremen/Niedersachsen"]
[BlackTeam "Niedersachsen"]
[WhiteTeamCountry "GER"]
[BlackTeamCountry "GER"]
[TimeControl "40/5400+30:1800+30"]

1. e4 e6 2. d4 d5 3. Nd2 Nf6 4. e5 Nfd7 5. Bd3 c5 6. c3 Nc6 7. Ne2 cxd4 8. cxd4 f6 9. exf6 Nxf6 10. Nf3 Bd6 11. O-O Qc7 12. Bg5 O-O 13. Bh4 Nh5 14. Qc2 h6 15. Bh7+ Kh8 16. Bg6 Rxf3 17. Bxh5 Rf5 18. Bg6 Bxh2+ 19. Kh1 Bd6 20. Bxf5 exf5 21. Bg3 f4 22. Bh2 Qf7 23. Rae1 Bd7 24. Qd2 Rf8 25. f3 Qf6 26. Nc3 Qh4 27. Qf2 Qxf2 28. Rxf2 Rf5 29. Rd1 Kg8 30. Ne2 g5 31. g3 Kf7 32. gxf4 gxf4 33. Rg2 Ne7 34. Rdg1 Rf6 35. Rg7+ Ke8 36. Rh7 a6 37. Rhg7 b5 38. Rh7 b4 39. Rgg7 Bb5 40. Rh8+ Rf8 41. Rxf8+ Kxf8 42. Rg2 {[%emt 0:00:15] normal} 0-1

[Event "GER-chT Youth Countries 2019"]
[Site "Wuerzburg"]
[Date "2019.10.02"]
[Round "1"]
[White "Roste, Hugo"]
[Black "Stockmann, Till"]
[Result "0-1"]
[ECO "E83"]
[WhiteElo "1339"]
[BlackElo "1884"]
[Annotator "NA"]
[PlyCount "58"]
[EventDate "2019.10.02"]
[EventType "team-tourn"]
[EventRounds "7"]
[EventCountry "GER"]
[SourceTitle "playchess.com"]
[Source "ChessBase"]
[SourceQuality "1"]
[WhiteTeam "Germany"]
[BlackTeam "Germany"]
[WhiteTeamCountry "GER"]
[BlackTeamCountry "GER"]
[TimeControl "40/5400+30:1800+30"]

1. d4 Nf6 2. c4 g6 3. Nc3 Bg7 4. e4 d6 5. f3 O-O 6. Be3 Nc6 7. Qd2 a6 8. O-O-O Rb8 9. g4 e5 10. d5 Ne7 11. h4 h5 12. gxh5 Nxh5 13. Nge2 b5 14. cxb5 axb5 15. Bh6 b4 16. Nb1 Rb5 17. Qg5 f6 18. Qe3 c6 19. Bxg7 Kxg7 20. Rd2 cxd5 21. exd5 Rxd5 22. Rg1 Bf5 23. Ng3 Nxg3 24. Rxg3 Qc7+ 25. Nc3 bxc3 26. bxc3 Rc5 27. c4 Qb6 28. Qb3 Rb8 29. h5 Qc7 {[%emt 0:00:30] unterminated} 0-1

[Event "GER-chT Youth Countries 2019"]
[Site "Wuerzburg"]
[Date "2019.10.02"]
[Round "1"]
[White "Bako, Isabella"]
[Black "Sereda, Yaroslava"]
[Result "0-1"]
[ECO "B39"]
[WhiteElo "1266"]
[BlackElo "1687"]
[Annotator "NA"]
[PlyCount "84"]
[EventDate "2019.10.02"]
[EventType "swiss"]
[EventRounds "7"]
[EventCountry "GER"]
[SourceTitle "playchess.com"]
[Source "ChessBase"]
[SourceQuality "1"]
[WhiteTeam "Team Süd"]
[BlackTeam "Nordrhein-Westfalen"]
[WhiteTeamCountry "GER"]
[BlackTeamCountry "GER"]
[TimeControl "40/5400+30:1800+30"]

1. e4 c5 2. Nf3 Nc6 3. d4 cxd4 4. Nxd4 g6 5. c4 Bg7 6. Be3 Nf6 7. Nc3 Ng4 8. Qxg4 Nxd4 9. Qd1 Ne6 10. Be2 O-O 11. O-O d6 12. Qd2 Bd7 13. Rfd1 Bc6 14. Nd5 Nc5 15. f3 a5 16. Rac1 Bxd5 17. cxd5 b6 18. Bd4 Qd7 19. Bxg7 Kxg7 20. Qc3+ f6 21. Qe3 Rfc8 22. f4 Qa4 23. Bc4 b5 24. Bb3 Qxe4 25. Qxe4 Nxe4 26. Re1 Rxc1 27. Rxc1 Nc5 28. Re1 Kf7 29. Re3 Rc8 30. Bd1 f5 31. Be2 b4 32. a3 Ne4 33. Bd3 Rc1+ 34. Bf1 Nd2 35. Rf3 Nxf3+ 36. gxf3 bxa3 37. bxa3 Ra1 38. Kf2 Rxa3 39. Bb5 Ra2+ 40. Kg3 a4 41. Kh4 Rxh2+ 42. Kg5 Rh5# {[%emt 0:00:15] normal} 0-1

[Event "GER-chT Youth Countries 2019"]
[Site "Wuerzburg"]
[Date "2019.10.02"]
[Round "1"]
[White "Lorenz, Veronika"]
[Black "Ulrich, Helena Irene"]
[Result "1/2-1/2"]
[ECO "B34"]
[WhiteElo "1237"]
[BlackElo "1355"]
[Annotator "NA"]
[PlyCount "100"]
[EventDate "2019.10.02"]
[EventType "swiss"]
[EventRounds "7"]
[EventCountry "GER"]
[SourceTitle "playchess.com"]
[Source "ChessBase"]
[SourceQuality "1"]
[WhiteTeam "Berlin"]
[BlackTeam "Thüringen"]
[WhiteTeamCountry "GER"]
[BlackTeamCountry "GER"]
[TimeControl "40/5400+30:1800+30"]

1. e4 c5 2. Nf3 Nc6 3. d4 cxd4 4. Nxd4 Nf6 5. Nc3 e5 6. Ndb5 d6 7. Nd5 Nxd5 8. exd5 Ne7 9. c4 Ng6 10. Bd3 Be7 11. O-O O-O 12. Bd2 a6 13. Nc3 f5 14. Qe2 Bg5 15. Bxg5 Qxg5 16. Rfd1 Nf4 17. Qf1 Rf6 18. Ne2 Nxe2+ 19. Bxe2 f4 20. Bf3 Bf5 21. Re1 Re8 22. Be4 Bh3 23. Kh1 Bf5 24. Rac1 Rc8 25. Rc3 Rff8 26. Qe2 Rc7 27. Bxf5 Qxf5 28. Rf3 Qg6 29. Qe4 Qxe4 30. Rxe4 b5 31. b3 Rfc8 32. Rc3 bxc4 33. Rcxc4 Rxc4 34. Rxc4 Rxc4 35. bxc4 Kf8 36. Kg1 Ke7 37. Kf1 Kf6 38. Ke2 e4 39. g3 g5 40. Kd2 Kf5 41. h3 Ke5 42. gxf4+ gxf4 43. Kc3 e3 44. fxe3 fxe3 45. Kd3 Kf4 46. Ke2 Ke4 47. c5 Kxd5 48. cxd6 Kxd6 49. Kxe3 Ke5 50. h4 h5 {[%emt 0:00:00] normal} 1/2-1/2

[Event "GER-chT Youth Countries 2019"]
[Site "Wuerzburg"]
[Date "2019.10.02"]
[Round "1"]
[White "Heinze, Sofie"]
[Black "Pohle, Saskia"]
[Result "0-1"]
[ECO "A49"]
[WhiteElo "1207"]
[BlackElo "1716"]
[Annotator "NA"]
[PlyCount "70"]
[EventDate "2019.10.02"]
[EventType "team-tourn"]
[EventRounds "7"]
[EventCountry "GER"]
[SourceTitle "playchess.com"]
[Source "ChessBase"]
[SourceQuality "1"]
[WhiteTeam "Germany"]
[BlackTeam "Germany"]
[WhiteTeamCountry "GER"]
[BlackTeamCountry "GER"]
[TimeControl "40/5400+30:1800+30"]

1. d4 Nf6 2. Nf3 g6 3. g3 Bg7 4. Bg2 O-O 5. O-O d5 6. Nbd2 Nbd7 7. c4 c5 8. e3 e6 9. b3 b6 10. Bb2 Bb7 11. Re1 Rc8 12. Qe2 Qe7 13. Rac1 Rfd8 14. Ng5 h6 15. Nh3 cxd4 16. exd4 Nb8 17. Qe3 Qd7 18. Ba3 dxc4 19. Nxc4 Bxg2 20. Kxg2 Qxd4 21. Qf3 Qd5 22. Ng1 Nc6 23. Kf1 Qxf3 24. Nxf3 Nd4 25. Nfe5 Nb5 26. Be7 Rd4 27. a4 Nd5 28. axb5 Nxe7 29. Nf3 Rd5 30. Kg1 Rcc5 31. Nfd2 Rxb5 32. Red1 Rd3 33. Rb1 Rbd5 34. Rbc1 Nf5 35. Rc2 Nd4 {[%emt 0:00:54] normal} 0-1